 Dungeon Crawl Stone Soup version 0.28-a0-1087-gf3fc490d9d (webtiles) character file.

Game seed: 16054137258621699930

269 ducksouse the Covered (level 6, 0/53 HPs)
             Began as a Minotaur Fighter on Dec 10, 2021.
             Succumbed to a scorpion's poison
             ... on level 4 of the Dungeon.
             The game lasted 00:12:55 (3412 turns).

ducksouse the Covered (Minotaur Fighter)            Turns: 3412, Time: 00:12:56

Health: 0/53       AC:  8    Str: 21    XL:     6   Next: 1%
Magic:  5/5        EV: 14    Int:  5    God:
Gold:   92         SH:  5    Dex: 11    Spells: 5/5 levels left

rFire   . . .      SeeInvis .   a - +0 trident
rCold   . . .      Faith    .   c - +0 buckler
rNeg    . . .      Spirit   .   b - +0 scale mail
rPois   +          Reflect  .   (helmet restricted)
rElec   .          Harm     .   (no cloak)
rCorr   .          Rampage  .   (no gloves)
Will    .....                   g - +0 pair of boots
Stlth   ..........              (no amulet)
HPRegen 0.17/turn               k - ring of poison resistance
MPRegen 0.09/turn               n - +4 ring of evasion

@: brilliant, lethally poisoned (0 -> -20), invisible
A: horns 2, retaliatory headbutt
a: no special abilities


You were on level 4 of the Dungeon.
You visited 1 branch of the dungeon, and saw 4 of its levels.

You collected 92 gold pieces.

Inventory:

Hand Weapons
 a - a +0 trident (weapon)
 f - a +0 hand axe
 h - a +0 rapier
 m - a +1 short sword of electrocution
 s - a +1 hand axe of electrocution
 u - a +3 vorpal battleaxe
Missiles
 i - 91 stones (quivered)
Armour
 b - a +0 scale mail (worn)
 c - a +0 buckler (worn)
 g - a +0 pair of boots (worn)
Jewellery
 k - a ring of poison resistance (left hand)
 n - a +4 ring of evasion (right hand)
 t - an amulet of faith
Scrolls
 j - a scroll of identify {unknown}
 l - a scroll of teleportation
 p - a scroll of blinking
 q - a scroll of acquirement {unknown}
Potions
 d - a potion of might
 e - 2 potions of invisibility
 o - a potion of berserk rage {unknown}


   Skills:
 + Level 4.4 Fighting
 + Level 5.0 Polearms
 + Level 5.0 Armour
 + Level 1.0 Dodging
 + Level 0.1 Stealth
 + Level 4.8 Shields


You had 5 spell levels left.
You didn't know any spells.
Your spell library contained the following spells:

 Spells                   Type           Power      Damage    Failure   Level
 Passwall                 Tmut/Erth      0%         N/A       91%         2
 Swiftness                Air            0%         N/A       99%         3


Dungeon Overview and Level Annotations

Branches:
Dungeon (4/15)
 Temple: D:4-7

Altars:

Shops:
D:1 !


Innate Abilities, Weirdness & Mutations

You have a pair of horns on your head.
You reflexively headbutt those who attack you in melee.


Message History

The scorpion is moderately wounded.
You feel sick. The scorpion misses you.
You hit the scorpion but do no damage. Your headbutt misses the scorpion.
The scorpion is moderately wounded.
You feel sick. The scorpion stings you.
You are more poisoned.
The scorpion poisons you! The scorpion barely misses you.
You hit the scorpion.
The scorpion is moderately wounded.
You feel very sick. The scorpion misses you.
You closely miss the scorpion.
The scorpion is moderately wounded.
You feel very sick. The scorpion stings you.
You closely miss the scorpion.
You headbutt the scorpion, but do no damage.
The scorpion is moderately wounded.
You feel very sick. The scorpion barely misses you. You furiously retaliate!
You headbutt the scorpion. The scorpion stings you.
You are lethally poisoned!
The scorpion poisons you!
You barely miss the scorpion.
The scorpion is moderately wounded.
* * * LOW HITPOINT WARNING * * *
You feel very sick. The scorpion barely misses you. You furiously retaliate!
You headbutt the scorpion!
It was a potion of brilliance.
You feel clever all of a sudden.
* * * LOW HITPOINT WARNING * * *
You feel very sick. The scorpion stings you.
* * * LOW HITPOINT WARNING * * *
You are more poisoned.
The scorpion poisons you!
It was a potion of invisibility.
You fade into invisibility!
You die...

#..... #....# #
#)...# #.#....#
.....## #..
....# #.####s.#
##.....@.######
##..##.........#
#.#....#..####.#
#..####..#
######........#
#....[........#
#.#####.##...##
#.# #.##.#.#
#.#####......#


You could see a scorpion.

Vanquished Creatures
  Blork the orc (D:4)
  2 orc priests (D:3)
  3 gnolls
  6 adders
  A dart slug (D:3)
  7 orcs (D:3)
  3 ball pythons
  4 bats
  5 endoplasms
  3 giant cockroaches
  6 goblins
  7 hobgoblins
  3 kobolds
  4 quokkas (D:1)
  2 frilled lizards
  2 rats
59 creatures vanquished.

Vanquished Creatures (others)
  4 fungi (D:1)
4 creatures vanquished.

Grand Total: 63 creatures vanquished

Notes
Turn   | Place    | Note
-------+----------+-------------------------------------------
     0 | D:1      | ducksouse the Minotaur Fighter began the quest for the Orb.
     0 | D:1      | Reached XP level 1. HP: 19/19 MP: 0/0
    63 | D:1      | Found Fodulaf's Distillery.
   303 | D:1      | Found a faded altar of an unknown god.
   318 | D:1      | Reached XP level 2. HP: 19/27 MP: 1/1
   848 | D:3      | Reached XP level 3. HP: 17/33 MP: 2/2
  1370 | D:2      | Reached XP level 4. HP: 36/40 MP: 3/3
  2454 | D:3      | Reached XP level 5. HP: 31/46 MP: 4/4
  3210 | D:4      | Noticed Blork the orc
  3221 | D:4      | Killed Blork the orc
  3222 | D:4      | Reached skill level 5 in Polearms
  3222 | D:4      | Reached skill level 5 in Armour
  3222 | D:4      | Reached skill level 1 in Dodging
  3222 | D:4      | Reached XP level 6. HP: 24/53 MP: 5/5
  3412 | D:4      | Succumbed to a scorpion's poison

Illustrated notes

Levels and vault maps discovered:
D:1:      psy_arrival_spokes, layout_basic, serial_shops, shop,
          dreamdust_ecumenical_altar_grove,
          nicolae_concentric_dashed_squares_mild
D:2:      layout_basic, minmay_heptomino_w4
D:3:      layout_basic, kennysheep_generic_room_13
D:4:      layout_loops_cross, uniq_menkaure, uniq_blork_the_orc

Skill      XL: |  1  2  3  4  5 |
---------------+----------------+-----
Fighting       | 4 |  4.4
Polearms       | 3 4 5 |  5.0
Armour         | 4 5 |  5.0
Shields        | 4 |  4.8
Dodging        | 1 |  1.0
Stealth        | |  0.1

Action                   |  1- 3 |  4- 6 || total
-------------------------+-------+-------++-------
Melee: Trident           |    66 |    90 ||   156
       Headbutt          |    15 |    13 ||    28
  Use: Scroll            |       |     2 ||     2
       Potion            |       |     2 ||     2
Armor: Scale mail        |    31 |    45 ||    76
Dodge: Dodged            |    31 |    47 ||    78
Block: Buckler           |    17 |    26 ||    43

Table legend: (Time is in decaauts)
 A = Elapsed time spent in this place.
 B = Non-inter-level travel time spent in this place.
 C = Inter-level travel time spent in this place.
 D = Time resting spent in this place.
 E = Time spent auto-exploring this place.
 F = Levels seen in this place.
 G = Mean time per level.
                   A        B        C        D        E       F      G
               +--------+--------+--------+--------+--------+-----+--------+
         Total |   3431 |   3431 |      0 |    501 |   1449 |   4 |  857.8 |
       Dungeon |   3431 |   3431 |      0 |    501 |   1449 |   4 |  857.8 |
               +--------+--------+--------+--------+--------+-----+--------+

Top non-repeatable levels by time:
     D:2: 1215 daAuts
     D:3: 1117 daAuts
     D:1: 891 daAuts
     D:4: 207 daAuts
